 Dungeon Crawl Stone Soup version 0.28.0-53-g5a82cb258f (webtiles) character file.

Game seed: 1448005476029119013

91 Zeld the Chopper (level 4, -7/41 HPs)
             Began as a Minotaur Berserker on May 30, 2022.
             Was a Believer of Trog.
             Mangled by a gnoll
             ... wielding a +0 halberd
              (8 damage)
             ... on level 2 of the Dungeon.
             The game lasted 00:01:44 (1650 turns).

Zeld the Chopper (Minotaur Berserker)               Turns: 1650, Time: 00:01:44

Health: -7/41      AC:  2    Str: 24    XL:     4   Next: 34%
Magic:  3/3        EV:  6    Int:  4    God:    Trog [**....]
Gold:   111        SH:  0    Dex:  9    Spells: 3/3 levels left

rFire   . . .      SeeInvis .   a - +0 hand axe
rCold   . . .      Faith    .   (no shield)
rNeg    . . .      Spirit   .   b - +0 animal skin
rPois   .          Reflect  .   (helmet restricted)
rElec   .          Harm     .   (no cloak)
rCorr   .          Rampage  .   (no gloves)
Will    .....                   (no boots)
Stlth   +.........              (no amulet)
HPRegen 0.13/turn               (no ring)
MPRegen 0.08/turn               (no ring)

@: held
A: horns 2, retaliatory headbutt
a: Renounce Religion, Berserk, Trog's Hand


You were on level 2 of the Dungeon.
You worshipped Trog.
Trog was pleased with you.
You visited 1 branch of the dungeon, and saw 2 of its levels.

You collected 111 gold pieces.

Inventory:

Hand Weapons
 a - a +0 hand axe (weapon)
Armour
 b - a +0 animal skin (worn)
Scrolls
 c - a scroll of brand weapon {unknown}
 d - a scroll of magic mapping {unknown}
 e - a scroll of vulnerability {unknown}
 f - a scroll of enchant weapon {unknown}
 h - a scroll of enchant armour {unknown}
Potions
 g - a potion of resistance {unknown}


   Skills:
 * Level 4.6 Fighting
 * Level 4.7 Axes
 + Level 3.1 Armour
 + Level 2.8 Dodging


You had 3 spell levels left.
You didn't know any spells.
Your spell library was empty.

Dungeon Overview and Level Annotations

Branches:
Dungeon (2/15)

Altars:


Innate Abilities, Weirdness & Mutations

You have a pair of horns on your head.
You reflexively headbutt those who attack you in melee.


Message History

You hit the quokka.
You headbutt the quokka, but do no damage.
The quokka is severely wounded.
The quokka bites you but does no damage.
A quokka is nearby!
You closely miss the quokka. You headbutt the quokka.
You kill the quokka!
Trog accepts your kill.
A gnoll comes into view. It is wielding a +0 flail.
A gnoll is nearby!
The gnoll shouts!
You hear a shout!
The gnoll throws a throwing net.
The throwing net hits you.
You become entangled in the net!
You see here a throwing net.
A gnoll is nearby!
You are held in a net!
A gnoll is nearby!
You are held in a net!
You are held in a net!
You struggle against the net.
You struggle against the net.
The gnoll hits you with a +0 flail.
You are held in a net!
You struggle against the net.
The gnoll hits you with a +0 flail! The gnoll barely misses you.
You are held in a net!
You are held in a net!
You struggle against the net.
The gnoll hits you with a +0 flail.
The gnoll hits you from afar with a +0 halberd!
You rip the net and break free!
The gnoll closely misses you. You furiously retaliate!
You headbutt the gnoll! The gnoll misses you.
The gnoll throws a throwing net.
The throwing net hits you.
You become entangled in the net!
You see here a throwing net.
You struggle against the net.
The gnoll drinks a potion.
The gnoll is healed!
You struggle against the net.
The gnoll hits you from afar with a +0 halberd!
* * * LOW HITPOINT WARNING * * *
You struggle against the net.
The gnoll hits you but does no damage.
The gnoll hits you from afar with a +0 halberd!
You die...

#........##.#
.#.......##.#
###.........# ### # #
##..##.#### #.. .#
###...##.# #.##.#
.#.......# #....
#........# #gg#
####...########.g####
#...# #.....@...# #
#...# #.###..##.# #
#...# #.# #..# #
####...####.###....
..............#.###.
..............#.# ..
.........<....#.####
#
####...#####.......#
# #...# #.##.##.#


You could see 3 gnolls.

Vanquished Creatures
  Terence (D:2)
  2 adders (D:2)
  3 dart slugs
  4 ball pythons
  4 bats
  7 endoplasms
  A giant cockroach (D:1)
  3 goblins
  2 hobgoblins
  4 jackals (D:2)
  A kobold (D:1)
  2 quokkas
  2 frilled lizards (D:1)
  6 rats
42 creatures vanquished.

Notes
Turn   | Place    | Note
-------+----------+-------------------------------------------
     0 | D:1      | Zeld the Minotaur Berserker began the quest for the Orb.
     0 | D:1      | Reached XP level 1. HP: 19/19 MP: 0/0
   200 | D:1      | Reached XP level 2. HP: 27/27 MP: 1/1
   693 | D:1      | Reached ** piety under Trog
   694 | D:1      | Reached XP level 3. HP: 33/33 MP: 2/2
  1138 | D:2      | Noticed Terence
  1149 | D:2      | Killed Terence
  1150 | D:2      | Reached XP level 4. HP: 13/41 MP: 3/3
  1649 | D:2      | HP: 1/41 [gnoll/+0 halberd (14)]
  1650 | D:2      | Mangled by a gnoll

Illustrated notes

Levels and vault maps discovered:
D:1:      onia_arrival_pentagram, layout_basic
D:2:      layout_loops_cross, uniq_terence

Skill      XL: |  1  2  3 |
---------------+----------+-----
Axes           | 4 |  4.7
Fighting       | 4 |  4.6
Armour         | 3 |  3.1
Dodging        | |  2.8

Action                   |  1- 3 |  4- 6 || total
-------------------------+-------+-------++-------
Melee: Hand axe          |    63 |    17 ||    80
       Headbutt          |    11 |     7 ||    18
Invok: Berserk           |     1 |       ||     1
Armor: Animal skin       |    15 |     2 ||    17
Dodge: Dodged            |    46 |     9 ||    55
